 Dungeon Sprint DCSS version 0.30.1-9-gdf580d7c3d (webtiles) character file.

Game seed: 7789011284487311740

1683 Heoruswealwe the Impaler (level 8, 0/83 HPs)
             Began as a Minotaur Fighter on Oct 5, 2023.
             Was an Initiate of Gozag.
             Slain by a cyclops (8 damage)
             ... in the Dungeon (Sprint IX: "|||||||||||||||||||||||||||||").
             The game lasted 00:03:10 (355 turns).

Heoruswealwe the Impaler (Minotaur Fighter)          Turns: 355, Time: 00:03:11

Health: 0/83       AC: 27    Str: 22    XL:     8   Next: 71%
Magic:  7/7        EV:  7    Int:  5    God:    Gozag
Gold:   450        SH:  0    Dex: 11    Spells: 7/7 levels left

rFire   . . .        b - +2 halberd (protect)
rCold   . . .        (shield currently unavailable)
rNeg    . . .        c - +0 plate armour
rPois   .            (helmet restricted)
rElec   .            (no cloak)
rCorr   .            f - +0 pair of gloves
SInv    .            e - +0 pair of boots
Will    .....        (no amulet) Stlth
                     k - +2 ring of protection
HPRegen 0.33/turn    (no ring)
MPRegen 0.10/turn

%: no teleportation
@: gold aura, under a protective aura
A: horns 2, retaliatory headbutt
a: Renounce Religion, Potion Petition, Call Merchant, Bribe Branch


You were in the Dungeon.
You worshipped Gozag.
Gozag was aware of your devotion.
You visited 1 branch You collected 450 gold pieces.

Inventory:

Hand Weapons
 a - a +0 trident
 b - a +2 halberd of protection (weapon)
Armour
 c - a +0 plate armour (worn)
 d - a +0 buckler
 e - a +0 pair of boots (worn)
 f - a +0 pair of gloves (worn)
Jewellery
 k - a +2 ring of protection (left hand)
Wands
 h - a wand of light (10)
Scrolls
 j - 2 scrolls of blinking
Potions
 g - a potion of haste
 i - a potion of berserk rage
 l - 4 potions of curing
 m - 2 potions of heal wounds
 n - a potion of might


   Skills:
 + Level 12.2 Fighting
 * Level 16.3 Polearms
 + Level 12.2 Armour
 - Level 3.6 Shields


You had 7 spell levels left.
You didn't know any spells.
Your spell library was empty.

Dungeon Overview and Level Annotations

Branches:
Dungeon (1/1)

Altars:
Cheibriados
Dithmenos
Elyvilon
Fedhas
Gozag
Hepliaklqana
Kikubaaqudgha
Makhleb
Nemelex Xobeh
Okawaru
Qazlal
Ru
Sif Muna
Trog
Uskayaw
Vehumet
Wu Jian
Xom
Yredelemnul
Zin
The Shining One
Jiyva
Lugonu


Innate Abilities, Weirdness & Mutations

You have a pair of horns on your head.
You reflexively headbutt those who attack you in melee.


Message History

The tengu warrior hits you but does no damage.
The tengu warrior pecks you but does no damage.
The tengu warrior claws you but does no damage.
You hit the tengu warrior.
The tengu warrior is severely wounded.
The tengu warrior hits you but does no damage.
The tengu warrior pecks you.
The tengu warrior claws you but does no damage.
You slash the tengu warrior!
The tengu warrior is almost dead.
The tengu warrior hits you with a +0 battleaxe.
The tengu warrior pecks you but does no damage.
The tengu warrior completely misses you.
You closely miss the tengu warrior. Your headbutt misses the tengu warrior.
The tengu warrior is almost dead.
You miss the tengu warrior.
The tengu warrior is almost dead.
The tengu warrior hits you with a +0 battleaxe!
* * * LOW HITPOINT WARNING * * *
The tengu warrior pecks you but does no damage.
The tengu warrior claws you but does no damage.
You closely miss the tengu warrior. You headbutt the tengu warrior!
You kill the tengu warrior!
The cyclops throws a large rock.
The large rock hits you!
* * * LOW HITPOINT WARNING * * *
Your Fighting skill increases to level 12!
Your Polearms skill increases to level 16!
Your Armour skill increases to level 12!
The cyclops hits you!
* * * LOW HITPOINT WARNING * * *
The eight-headed hydra is distracted by your dazzling golden aura.
Items here: $ )) [.
The eight-headed hydra roars!
You puncture the cyclops! You headbutt the cyclops!
The cyclops is moderately wounded.
You puncture the cyclops! You headbutt the cyclops!
The cyclops is severely wounded.
The cyclops hits you!
You die...
Your body crumbles into a pile of gold. $$$$$ $ $ $ $$ $ $ $ ▓▓▓▓▓▓▓▓▓▓▓▓▓▓▓▓▓▓▓▓▓▓ +yDHC@$'.....['....=[) ▓▓▓▓▓▓▓▓▓▓▓▓▓▓▓▓▓▓▓▓▓▓

You could see an eight-headed hydra, a manticore, a cyclops and a vampire mosquito.

Vanquished Creatures
  A tengu warrior (D)
  A cyclops (D)
  2 yaks (D)
  A wraith (D)
  An orc warrior (D)
  A phantom (D)
  A killer bee (D)
  A howler monkey (D)
  A hound (D)
  An iguana (D)
  An adder (D)
  A shadow imp (D)
  An endoplasm (D)
  A goblin (D)
  A ball python (D)
  A bat (D)
  A rat (D)
18 creatures vanquished.

Notes
Turn   | Place    | Note
-------+----------+-------------------------------------------
     0 | D        | Heoruswealwe the Minotaur Fighter began the quest for the
                  | Orb.
     0 | D        | Reached XP level 1. HP: 19/19 MP: 0/0
     7 | D        | Reached skill level 3 in Polearms
    18 | D        | Noticed a phantom
    18 | D        | Noticed an iguana
    18 | D        | Noticed a hound
    22 | D        | Killed a hound
    23 | D        | Reached skill level 5 in Fighting
    23 | D        | Reached skill level 5 in Polearms
    23 | D        | Reached skill level 5 in Armour
    23 | D        | Reached XP level 2. HP: 15/29 MP: 1/1
    23 | D        | Reached XP level 3. HP: 18/36 MP: 2/2
    27 | D        | Reached skill level 6 in Polearms
    36 | D        | Reached skill level 7 in Polearms
    36 | D        | Reached XP level 4. HP: 37/44 MP: 3/3
    46 | D        | Killed a phantom
    47 | D        | Reached skill level 9 in Polearms
    47 | D        | Reached XP level 5. HP: 37/52 MP: 4/4
    53 | D        | Found a snail-covered altar of Cheibriados.
    53 | D        | Found a shadowy altar of Dithmenos.
    53 | D        | Found a white marble altar of Elyvilon.
    53 | D        | Found a blossoming altar of Fedhas.
    53 | D        | Found an opulent altar of Gozag.
    54 | D        | Found a hazy altar of Hepliaklqana.
    55 | D        | Found a viscous altar of Jiyva.
    56 | D        | Found an ancient bone altar of Kikubaaqudgha.
    57 | D        | Found a corrupted altar of Lugonu.
    58 | D        | Found a burning altar of Makhleb.
    59 | D        | Found a sparkling altar of Nemelex Xobeh.
    60 | D        | Found an iron altar of Okawaru.
    61 | D        | Became a worshipper of Gozag Ym Sagoz the Greedy
    62 | D        | Found a stormy altar of Qazlal.
    63 | D        | Found a sacrificial altar of Ru.
    64 | D        | Found a shimmering blue altar of Sif Muna.
    65 | D        | Found a bloodstained altar of Trog.
    66 | D        | Found a hide-covered altar of Uskayaw.
    67 | D        | Found a radiant altar of Vehumet.
    68 | D        | Found an ornate altar of the Wu Jian Council.
    69 | D        | Found a shimmering altar of Xom.
    70 | D        | Found a basalt altar of Yredelemnul.
    71 | D        | Found a glowing silver altar of Zin.
    72 | D        | Found a glowing golden altar of the Shining One.
   142 | D        | Noticed a yak
   142 | D        | Noticed a yak
   142 | D        | Noticed a wraith
   142 | D        | Noticed an orc warrior
   151 | D        | Killed an orc warrior
   152 | D        | Reached skill level 10 in Polearms
   156 | D        | Reached XP level 6. HP: 46/62 MP: 5/5
   158 | D        | Reached skill level 11 in Polearms
   160 | D        | Killed a wraith
   161 | D        | Reached skill level 12 in Polearms
   164 | D        | Killed a yak
   165 | D        | Reached skill level 10 in Fighting
   165 | D        | Reached skill level 13 in Polearms
   165 | D        | Reached skill level 10 in Armour
   165 | D        | Reached XP level 7. HP: 41/72 MP: 6/6
   168 | D        | Killed a yak
   333 | D        | Noticed an eight-headed hydra
   333 | D        | Noticed a vampire mosquito
   333 | D        | Noticed a manticore
   333 | D        | Noticed a cyclops
   333 | D        | Noticed a tengu warrior
   333 | D        | Noticed a cyclops
   341 | D        | Killed a cyclops
   342 | D        | Reached skill level 15 in Polearms
   342 | D        | Reached XP level 8. HP: 51/82 MP: 7/7
   352 | D        | Killed a tengu warrior
   353 | D        | Reached skill level 16 in Polearms
   355 | D        | Slain by a cyclops

Illustrated notes

Levels and vault maps discovered:
D:        linesprint [early_d, line_temple, items_1, d_10, items_2, lair_1,
          lair_end, items_3, orc_1, orc_end, items_4, d_15, swamp_1, shoals_1,
          snake_1, spider_1, d_20, vaults_1, items_5, swamp_end, shoals_end,
          snake_end, spider_end, vaults_end, d_27, items_6, zot_1, zot_end,
          crypt_end, forest_end, elf_end, slime_end, tomb_end, abyss_end,
          pan_hell_end]

Skill      XL: |  1  2  3  4  5  6  7  8 |
---------------+-------------------------+-----
Polearms       | 5 7 9 10 13 15 16 | 16.3
Fighting       | 5 6 7 8 10 11 12 | 12.2
Armour         | 5 6 7 8 10 11 12 | 12.2
Shields        | |  3.6

Action                     |  1- 3 |  4- 6 |  7- 9 || total
---------------------------+-------+-------+-------++-------
  Melee: Trident           |    21 |    11 |       ||    32
         Headbutt          |     4 |     6 |     7 ||    17
         Halberd           |       |    21 |    22 ||    43
    Use: Potion            |     1 |       |     1 ||     2
 Armour: Scale mail        |     9 |     5 |       ||    14
         Chain mail        |       |     9 |       ||     9
         Plate armour      |       |       |    16 ||    16
  Dodge: Dodged            |     8 |     8 |     6 ||    22
  Block: Buckler           |     1 |       |       ||     1
